 Dungeon Crawl Stone Soup version 0.29-a0-323-g050149af67 (webtiles) character file.

Game seed: 14194965493895985843

7328 Jortsu the Carver (level 11, -6/89 HPs)
             Began as a Gnoll Chaos Knight on Apr 10, 2022.
             Was a Plaything of Xom.
             Killed by the air
             ... invoked by Gastronok
              (9 damage)
             ... on level 1 of the Lair of Beasts.
             The game lasted 00:22:27 (10928 turns).

Jortsu the Carver (Gnoll Chaos Knight)             Turns: 10928, Time: 00:22:28

Health: -6/89      AC: 21    Str: 13    XL:     11   Next: 13%
Magic:  20/20      EV:  5    Int: 10    God:    Xom [....*.]
Gold:   620        SH:  5    Dex: 14    Spells: 22/22 levels left

rFire   . . .      SeeInvis .   E - +0 scimitar (flame)
rCold   . . .      Faith    .   f - +0 buckler of the Elephant {Slay+6}
rNeg    . . .      Spirit   .   G - +3 plate armour
rPois   +          Reflect  .   z - +1 helmet
rElec   .          Harm     .   e - +0 cloak
rCorr   +          Rampage  .   (no gloves)
Will    .....                   H - +0 pair of boots
Stlth   ..........              (no amulet)
HPRegen 0.24/turn               g - ring of poison resistance
MPRegen 0.17/turn               i - ring of resist corrosion

@: no status effects
A: fangs 1, strong nose, distributed training, dopey 1
a: Renounce Religion


You were on level 1 of the Lair of Beasts.
You worshipped Xom.
You were a beloved toy of Xom.
You visited 2 branches of the dungeon, and saw 10 of its levels.
You also visited: Sewer and Ossuary.

You collected 620 gold pieces.

Inventory:

Hand Weapons
 a - a +0 falchion of electrocution
 E - a +0 scimitar of flaming (weapon)
Armour
 e - a +0 cloak (worn)
 f - the +0 buckler of the Elephant (worn) {Slay+6}
   (You acquired it on level 1 of the Dungeon)

   Slay:      It affects your accuracy & damage with ranged weapons and melee
   (+6).
 z - a +1 helmet (worn)
 G - a +3 plate armour (worn)
 H - a +0 pair of boots (worn)
Jewellery
 g - a ring of poison resistance (left hand)
 i - a ring of resist corrosion (right hand)
 m - an amulet of magic regeneration
 D - a ring of magical power
Wands
 t - a wand of polymorph (7)
 y - a wand of paralysis (6)
 B - a wand of digging (4)
 F - a wand of flame (6)
Scrolls
 b - 2 scrolls of silence
 l - 4 scrolls of fear
 p - 4 scrolls of teleportation
 s - 2 scrolls of amnesia
 w - a scroll of brand weapon
 x - a scroll of magic mapping
 A - a scroll of identify
 C - 3 scrolls of blinking
 I - a scroll of holy word
 J - a scroll of vulnerability {unknown}
 K - a scroll of torment {unknown}
Potions
 d - 3 potions of lignification
 h - 5 potions of haste
 j - 8 potions of flight
 k - 2 potions of might
 n - 2 potions of brilliance
 o - 9 potions of curing
 q - a potion of attraction
 r - 2 potions of berserk rage
 u - a potion of resistance
 v - a potion of magic
Miscellaneous
 c - a piece from Xom's chessboard (15/15) (quivered)


   Skills:
 + Level 9.0 Fighting
 + Level 6.0 Short Blades
 + Level 9.0 Long Blades
 + Level 6.0 Axes
 + Level 6.0 Maces & Flails
 + Level 6.0 Polearms
 + Level 6.0 Staves
 + Level 6.0 Slings
 + Level 6.0 Bows
 + Level 6.0 Crossbows
 + Level 6.0 Throwing
 + Level 7.6 Armour
 + Level 6.6 Dodging
 + Level 6.0 Stealth
 + Level 6.0 Shields
 + Level 6.0 Unarmed Combat
 + Level 6.0 Spellcasting
 + Level 5.0 Conjurations
 + Level 5.0 Hexes
 + Level 5.0 Summonings
 + Level 5.0 Necromancy
 + Level 5.0 Translocations
 + Level 5.0 Transmutations
 + Level 5.0 Fire Magic
 + Level 5.0 Ice Magic
 + Level 5.0 Air Magic
 + Level 5.0 Earth Magic
 + Level 5.0 Poison Magic
 + Level 6.6 Invocations
 + Level 6.0 Evocations


You had 22 spell levels left.
You didn't know any spells.
Your spell library contained the following spells:

 Spells                   Type           Power      Damage    Failure   Level
 Foxfire                  Conj/Fire      52%        2x1d6     95%         1
 Sandblast                Erth           26%        2d8       95%         1
 Blink                    Tloc           26%        N/A       99%         2
 Ensorcelled Hibernation  Hex/Ice        26%        N/A       99%         2
 Passwall                 Tmut/Erth      10%        N/A       99%         2
 Sublimation of Blood     Necr           13%        N/A       99%         2
 Conjure Flame            Conj/Fire      13%        6-21      100%        3
 Inner Flame              Hex/Fire       13%        N/A       100%        3
 Lesser Beckoning         Tloc           13%        N/A       100%        3
 Stone Arrow              Conj/Erth      26%        3d8       100%        3
 Swiftness                Air            13%        N/A       100%        3
 Animate Armour           Summ/Erth      26%        N/A       100%        4
 Flame Wave               Conj/Fire      13%        2d6       100%        4
 Petrify                  Tmut/Erth      13%        N/A       100%        4
 Freezing Cloud           Conj/Ice/Air   6%         6-21      100%        5
 Irradiate                Conj/Tmut      6%         3d15      100%        5
 Lehudib's Crystal Spear  Conj/Erth      6%         10d3      100%        8


Dungeon Overview and Level Annotations

Branches:
Dungeon (9/15)             Temple (0/1) D:7            Lair (1/6) D:8
  Sewer (visited)         Ossuary (visited)
    Orc: D:9-12

Altars:
Elyvilon
Hepliaklqana
Kikubaaqudgha
Sif Muna
Uskayaw
Vehumet

Annotations:
D:7 3 runed translucent doors, P0WERM0DE's ghost, novice TrCA
Lair:1 Gastronok


Innate Abilities, Weirdness & Mutations

You have very sharp teeth.
Your uncanny sense of smell can sniff out nearby items.
Your experience applies equally to all skills.
You are dopey. (Int -2)


Message History

Gastronok is severely wounded.
You slash Gastronok! You burn Gastronok.
Gastronok is severely wounded.
The komodo dragon bites you!!
* * * LOW HITPOINT WARNING * * *
You hit Gastronok but do no damage.
Gastronok is severely wounded.
Gastronok waves his eye-stalks in wide circles.
The air twists around and strikes you.
* * * LOW HITPOINT WARNING * * *
The komodo dragon bites you.
* * * LOW HITPOINT WARNING * * *
You hit Gastronok. You burn Gastronok. You bite Gastronok.
Gastronok is almost dead.
You block the komodo dragon's attack.
You hit Gastronok. You burn Gastronok.
Gastronok is almost dead.
Gastronok chants a spell, wobbling all the while.
You slash Gastronok! You burn Gastronok.
Gastronok is almost dead.
You block the komodo dragon's attack.
The quokka bites you but does no damage.
The quokka bites you.
* * * LOW HITPOINT WARNING * * *
The quokka attacks as you move away!
The quokka bites you but does no damage.
Gastronok waves his eye-stalks in wide circles.
The air twists around and strikes you.
* * * LOW HITPOINT WARNING * * *
Xom thinks this is hilarious!
The quokka attacks as you move away! The quokka barely misses you.
The quokka attacks as you move away! The quokka bites you.
* * * LOW HITPOINT WARNING * * *
The quokka attacks as you move away!
The quokka bites you but does no damage.
Gastronok's mouth opens, radula flailing wildly.
Gastronok waves his eye-stalks in wide circles.
The air twists around and strikes you!
You die...
Xom laughs nastily!

###.#...####
###.[##
##.##....#####...##
#######....#...##
####....## , ∆
###.## ##.## #...#
#..## #P@# ##r# #r#
#§# , #l### * #bw.#
#§.## ......#.# ,
.........


You could see Gastronok (swift), a komodo dragon, 2 quokkas and a bat
(summoned).

Vanquished Creatures
  A kobold demonologist (D:8)
  2 komodo dragons (Lair:1)
  Prince Ribbit (D:8)
  A troll (D:5)
  6 yaks (Lair:1)
  A wyvern (D:9)
  4 water moccasins
  3 black bears
  An ice beast (D:7)
  4 ogres
  5 wolves (Lair:1)
  2 centaurs
  5 phantoms
  2 elf zombies (Ossuary)
  2 kobold brigands
  6 bullfrogs
  2 scorpions
  A necrophage (D:7)
  5 wights (D:7)
  6 killer bees (D:7)
  3 human zombies (Ossuary)
  A gnoll shaman (D:7)
  4 jellies
  A centaur zombie (Ossuary)
  3 hounds
  3 iguanas
  3 orc wizards
  A merfolk siren (Sewer)
  A merfolk avatar (Sewer)
  2 mummies (Ossuary)
  7 adders
  5 gnolls (D:7)
  A river rat (Sewer)
  A shadow imp (D:8)
  A white imp (D:5)
  An ufetubus (D:4)
  2 worms
  2 dart slugs (D:3)
  19 orcs
  5 endoplasms
  4 giant cockroaches
  5 goblins
  6 hobgoblins
  7 jackals (D:2)
  9 kobolds
  4 quokkas
  15 ball pythons
  2 bats
  12 frilled lizards
  12 hobgoblin zombies (Ossuary)
  4 jackal zombies (Ossuary)
  11 kobold zombies (Ossuary)
  3 orc zombies (Ossuary)
  24 rats
  A rat zombie (Ossuary)
245 creatures vanquished.

Vanquished Creatures (collateral kills)
  Erica (D:8)
  A basilisk (D:9)
  An acid dragon (D:9)
  3 kobolds (D:9)
6 creatures vanquished.

Vanquished Creatures (others)
  A phantom (D:6)
  A giant cockroach (D:3)
  3 fungi (Lair:1)
  12 plants
17 creatures vanquished.

Grand Total: 268 creatures vanquished

Notes
Turn   | Place    | Note
-------+----------+-------------------------------------------
     0 | D:1      | Jortsu the Gnoll Chaos Knight began the quest for the Orb.
     0 | D:1      | Reached XP level 1. HP: 23/23 MP: 1/1
   163 | D:1      | Reached XP level 2. HP: 23/29 MP: 2/2
   279 | D:1      | XOM: silly message
   432 | D:1      | Found a faded altar of an unknown god.
   775 | D:1      | Identified a scroll of acquirement
   775 | D:1      | Acquired the +0 buckler of the Elephant {Slay+6}
  1021 | D:2      | Reached XP level 3. HP: 35/35 MP: 3/3
  1103 | D:2      | Got Vyesoj's Compendium of Displacement and Cold
  1139 | D:2      | XOM: silly message
  1458 | D:2      | XOM: cloud trail
  1475 | D:2      | XOM: silly message
  1541 | D:3      | Reached skill level 1 in Invocations
  1546 | D:3      | Reached skill level 1 in Short Blades
  1546 | D:3      | Reached skill level 1 in Axes
  1546 | D:3      | Reached skill level 1 in Maces & Flails
  1546 | D:3      | Reached skill level 1 in Polearms
  1546 | D:3      | Reached skill level 1 in Staves
  1546 | D:3      | Reached skill level 1 in Slings
  1546 | D:3      | Reached skill level 1 in Bows
  1546 | D:3      | Reached skill level 1 in Crossbows
  1546 | D:3      | Reached skill level 1 in Throwing
  1546 | D:3      | Reached skill level 1 in Stealth
  1546 | D:3      | Reached skill level 1 in Shields
  1546 | D:3      | Reached skill level 1 in Unarmed Combat
  1546 | D:3      | Reached skill level 1 in Spellcasting
  1546 | D:3      | Reached skill level 1 in Evocations
  1546 | D:3      | Reached XP level 4. HP: 28/41 MP: 5/5
  1625 | D:3      | XOM: silly message
  1699 | D:4      | Noticed an ogre
  1709 | D:3      | Killed an ogre
  1710 | D:3      | Reached skill level 1 in Conjurations
  1710 | D:3      | Reached skill level 1 in Hexes
  1710 | D:3      | Reached skill level 1 in Summonings
  1710 | D:3      | Reached skill level 1 in Necromancy
  1710 | D:3      | Reached skill level 1 in Translocations
  1710 | D:3      | Reached skill level 1 in Transmutations
  1710 | D:3      | Reached skill level 1 in Fire Magic
  1710 | D:3      | Reached skill level 1 in Ice Magic
  1710 | D:3      | Reached skill level 1 in Air Magic
  1710 | D:3      | Reached skill level 1 in Earth Magic
  1710 | D:3      | Reached skill level 1 in Poison Magic
  1710 | D:3      | Reached XP level 5. HP: 11/47 MP: 5/7
  1884 | D:4      | Noticed an ogre
  2010 | D:4      | Killed an ogre
  2011 | D:4      | Reached XP level 6. HP: 53/53 MP: 8/8
  2255 | D:4      | Reached skill level 5 in Armour
  2341 | D:4      | XOM: summons 4 hostile demons
  2342 | D:4      | Noticed a red devil
  2342 | D:4      | Noticed a ynoxinul
  2415 | D:4      | Found a radiant altar of Vehumet.
  2833 | D:3      | Found an ancient bone altar of Kikubaaqudgha.
  2862 | D:3      | XOM: stat loss: -1 Dex (10/11)
  2876 | D:3      | Reached XP level 7. HP: 59/59 MP: 10/10
  3035 | D:5      | Entered Level 5 of the Dungeon
  3050 | D:5      | Found a glowing drain.
  3074 | Sewer    | Entered a sewer
  3158 | Sewer    | XOM: noise
  3177 | Sewer    | XOM: noise
  3222 | Sewer    | XOM: polymorph rat -> adder
  3251 | Sewer    | XOM: noise
  3706 | D:5      | XOM: cast spell 'Summon Ice Beast'
  4219 | D:5      | Reached XP level 8. HP: 49/67 MP: 12/12
  4762 | D:6      | XOM: 1-stop teleportation journey
  4770 | D:6      | XOM: enchant monster (good)
  4771 | D:6      | Noticed a troll
  4788 | D:5      | XOM: cast spell 'Summon Ice Beast'
  4798 | D:5      | Killed a troll
  5195 | D:6      | XOM: silly message
  5404 | D:6      | XOM is BORED!
  5579 | D:6      | Reached XP level 9. HP: 67/72 MP: 14/14
  5735 | D:7      | XOM: noise
  5753 | D:7      | Found a sand-covered staircase.
  5753 | D:7      | Found a hazy altar of Hepliaklqana.
  5753 | D:7      | XOM: 8-stop teleportation journey
  5786 | Ossuary  | Entered an ossuary
  6018 | Ossuary  | XOM: enchant monster (bad)
  6127 | D:7      | Found a runed translucent gate.
  6130 | D:7      | Noticed P0WERM0DE's ghost (novice TrCA)
  6131 | D:7      | Found a runed translucent gate.
  6131 | D:7      | Found a runed translucent gate.
  6131 | D:7      | Noticed a gargoyle
  6150 | D:7      | Found a staircase to the Ecumenical Temple.
  6248 | D:7      | XOM: polymorph orc -> bat
  6297 | D:7      | Reached skill level 5 in Dodging
  6320 | D:7      | XOM: cleaving
  6359 | D:7      | XOM: 1-stop teleportation journey
  6381 | D:7      | XOM: confuse monster(s)
  6387 | D:7      | XOM: potion effect (invisibility)
  6902 | D:7      | XOM: confusion (+ monsters)
  6907 | D:7      | XOM: summons 2 hostile demons
  6913 | D:7      | XOM: torment (35/74 hp)
  6923 | D:7      | Reached skill level 5 in Invocations
  7129 | D:7      | Found a white marble altar of Elyvilon.
  7493 | D:7      | XOM: cloud trail
  7554 | D:8      | Noticed Erica
  7927 | D:8      | XOM: summons 3 friendly demons
  7929 | D:8      | XOM: swap monsters
  7935 | D:8      | Killed Erica
  7936 | D:8      | Reached skill level 5 in Short Blades
  7936 | D:8      | Reached skill level 5 in Axes
  7936 | D:8      | Reached skill level 5 in Maces & Flails
  7936 | D:8      | Reached skill level 5 in Polearms
  7936 | D:8      | Reached skill level 5 in Staves
  7936 | D:8      | Reached skill level 5 in Slings
  7936 | D:8      | Reached skill level 5 in Bows
  7936 | D:8      | Reached skill level 5 in Crossbows
  7936 | D:8      | Reached skill level 5 in Throwing
  7936 | D:8      | Reached skill level 5 in Stealth
  7936 | D:8      | Reached skill level 5 in Shields
  7936 | D:8      | Reached skill level 5 in Unarmed Combat
  7936 | D:8      | Reached skill level 5 in Spellcasting
  7936 | D:8      | Reached skill level 5 in Evocations
  7936 | D:8      | Reached XP level 10. HP: 58/81 MP: 17/17
  7940 | D:8      | XOM: 1-stop teleportation journey
  8034 | D:8      | Found a staircase to the Lair.
  8056 | D:8      | Found a shimmering blue altar of Sif Muna.
  8076 | D:8      | Noticed a kobold demonologist
  8078 | D:8      | Found a hide-covered altar of Uskayaw.
  8078 | D:8      | XOM: 9-stop teleportation journey
  8100 | D:8      | Killed a kobold demonologist
  8552 | D:8      | XOM: summons 4 hostile shadow creatures
  8982 | D:9      | Noticed Prince Ribbit
  9002 | D:8      | Killed Prince Ribbit
  9214 | D:9      | XOM: summons 10 friendly demons
  9219 | D:9      | XOM: smoke on damage
  9251 | D:9      | Noticed Joseph
  9259 | D:9      | Noticed Joseph
  9259 | D:9      | Joseph changed into Joseph the basilisk
  9259 | D:9      | XOM: polymorph Joseph -> Joseph the basilisk
  9265 | D:9      | XOM: summons 10 friendly demons
  9267 | D:9      | Killed Joseph the basilisk
  9339 | D:9      | XOM: god gift: staff of earth
  9345 | D:9      | XOM: swap monsters
  9595 | D:9      | XOM: give mutation
  9595 | D:9      | Gained mutation: You are dopey. (Int -2) [Xom's mischief]
  9609 | D:9      | XOM: 9-stop teleportation journey
  9907 | D:9      | XOM: summons 3 hostile shadow creatures
 10246 | Lair:1   | XOM: noise
 10246 | Lair:1   | Entered Level 1 of the Lair of Beasts
 10255 | Lair:1   | XOM: divination: magic mapping
 10430 | Lair:1   | XOM: cleaving
 10447 | Lair:1   | Reached XP level 11. HP: 53/87 MP: 19/19
 10707 | Lair:1   | XOM: 1-stop teleportation journey
 10884 | Lair:1   | Noticed Gastronok
 10884 | Lair:1   | XOM: enchant monster (good)
 10895 | Lair:1   | Reached skill level 5 in Conjurations
 10895 | Lair:1   | Reached skill level 5 in Hexes
 10895 | Lair:1   | Reached skill level 5 in Summonings
 10895 | Lair:1   | Reached skill level 5 in Necromancy
 10895 | Lair:1   | Reached skill level 5 in Translocations
 10895 | Lair:1   | Reached skill level 5 in Transmutations
 10895 | Lair:1   | Reached skill level 5 in Fire Magic
 10895 | Lair:1   | Reached skill level 5 in Ice Magic
 10895 | Lair:1   | Reached skill level 5 in Air Magic
 10895 | Lair:1   | Reached skill level 5 in Earth Magic
 10895 | Lair:1   | Reached skill level 5 in Poison Magic
 10896 | Lair:1   | XOM: fog
 10905 | Lair:1   | XOM: confuse monster(s)
 10924 | Lair:1   | HP: 4/89 [Gastronok/the air (5)]
 10928 | Lair:1   | Killed from afar by Gastronok

Illustrated notes

Levels and vault maps discovered:
D:1:      elethiomel_arrival_quiet, layout_basic, shapermc_ecumenical_altar_venn
D:2:      layout_basic
D:3:      layout_basic, nicolae_kikubaaqudgha_miasma_corner
D:4:      layout_basic, fiery_altar_vehumet, kennysheep_generic_room_5
D:5:      layout_basic, portal_sewer_entry_a
D:6:      wander_river, layout_gridville, chequers_garden,
          minmay_fractal_squares_5
D:7:      layout_basic, elyvilon_altar_3, lemuel_tele_altar,
          minmay_temple_entry_enclosed_plants,
          nicolae_ossuary_entry_false_entrances, gammafunk_ghost_split
D:8:      layout_rooms, nicolae_overflow_hidden_temple, lair_entry_dummy,
          serial_corexii_hall, chequers_hall_statues_y, corexii_hall_statues_i,
          corexii_hall_statues_l, chequers_hall_statues_wall_a, uniq_erica
D:9:      layout_big_octagon, uniq_prince_ribbit1, uniq_joseph
Lair:1:   beast_lair_carwin_large_3, layout_cave_pods, uniq_gastronok

Skill      XL: |  1  2  3  4  5  6  7  8  9 10 11 |
---------------+----------------------------------+-----
Invocations    | 1 2 3 4 5 6 |  6.6
Short Blades   | 1 2 3 5 6 |  6.0
Axes           | 1 2 3 5 6 |  6.0
Maces & Flails | 1 2 3 5 6 |  6.0
Polearms       | 1 2 3 5 6 |  6.0
Staves         | 1 2 3 5 6 |  6.0
Slings         | 1 2 3 5 6 |  6.0
Bows           | 1 2 3 5 6 |  6.0
Crossbows      | 1 2 3 5 6 |  6.0
Throwing       | 1 2 3 5 6 |  6.0
Stealth        | 1 2 3 5 6 |  6.0
Shields        | 1 2 3 5 6 |  6.0
Unarmed Combat | 1 2 3 5 6 |  6.0
Spellcasting   | 1 2 3 5 6 |  6.0
Evocations     | 1 2 3 5 6 |  6.0
Conjurations   | 1 2 3 4 5 |  5.0
Hexes          | 1 2 3 4 5 |  5.0
Summonings     | 1 2 3 4 5 |  5.0
Necromancy     | 1 2 3 4 5 |  5.0
Translocations | 1 2 3 4 5 |  5.0
Transmutations | 1 2 3 4 5 |  5.0
Fire Magic     | 1 2 3 4 5 |  5.0
Ice Magic      | 1 2 3 4 5 |  5.0
Air Magic      | 1 2 3 4 5 |  5.0
Earth Magic    | 1 2 3 4 5 |  5.0
Poison Magic   | 1 2 3 4 5 |  5.0
Dodging        | 3 4 5 6 |  6.6
Armour         | 5 6 7 |  7.6
Fighting       | 7 8 9 |  9.0
Long Blades    | 7 8 9 |  9.0

Action                   |  1- 3 |  4- 6 |  7- 9 | 10-12 || total
-------------------------+-------+-------+-------+-------++-------
Melee: Falchion          |    75 |    75 |   382 |   141 ||   673
       Bite              |     5 |     2 |    33 |    36 ||    76
       Scimitar          |       |       |       |    74 ||    74
  Use: Scroll            |     7 |     5 |    11 |     1 ||    24
       Potion            |       |       |       |     4 ||     4
 Stab: Sleeping          |       |     4 |     6 |       ||    10
       Distracted        |       |       |     2 |       ||     2
       Petrified         |       |       |     3 |       ||     3
       Confused          |       |       |     1 |     1 ||     2
Armor: Leather armour    |    24 |    20 |    99 |       ||   143
       Plate armour      |       |       |    56 |   200 ||   256
Dodge: Dodged            |    50 |    45 |   173 |    59 ||   327
Block: Buckler           |     8 |    11 |    69 |    73 ||   161

Table legend: (Time is in decaauts)
 A = Elapsed time spent in this place.
 B = Non-inter-level travel time spent in this place.
 C = Inter-level travel time spent in this place.
 D = Time resting spent in this place.
 E = Time spent auto-exploring this place.
 F = Levels seen in this place.
 G = Mean time per level.
                   A        B        C        D        E       F      G
               +--------+--------+--------+--------+--------+-----+--------+
         Total |  10970 |  10596 |    374 |   1915 |   6061 |  12 |  914.2 |
       Dungeon |   9452 |   9078 |    374 |   1659 |   5456 |   9 | 1050.2 |
          Lair |    681 |    681 |      0 |    237 |    309 |   1 |  681.0 |
         Sewer |    581 |    581 |      0 |     19 |    291 |   1 |  581.0 |
       Ossuary |    255 |    255 |      0 |      0 |      5 |   1 |  255.0 |
               +--------+--------+--------+--------+--------+-----+--------+

Top non-repeatable levels by time:
     D:7: 1917 daAuts
     D:8: 1595 daAuts
     D:5: 1351 daAuts
     D:6: 821 daAuts
     D:1: 815 daAuts
     D:3: 807 daAuts
     D:2: 794 daAuts
     D:9: 724 daAuts
  Lair:1: 681 daAuts
     D:4: 625 daAuts
   Sewer: 581 daAuts
 Ossuary: 255 daAuts
